 Dungeon Crawl Stone Soup version 0.30-a0-556-g0a0f5a245f (webtiles) character file.

Game seed: 8098953706664335754

40 Bnni the Vexing (level 3, -1/26 HPs)
             Began as a Formicid Hexslinger on Dec 27, 2022.
             Killed from afar by Natasha (8 damage)
             ... with a magic dart
             ... on level 3 of the Dungeon.
             The game lasted 00:02:11 (1364 turns).

Bnni the Vexing (Formicid Hexslinger)               Turns: 1364, Time: 00:02:12

Health: -1/26      AC:  2    Str: 14    XL:     3   Next: 72%
Magic:  4/5        EV: 12    Int: 14    God:
Gold:   113        SH:  0    Dex: 14    Spells: 1/5 levels left

rFire   . . .      SeeInvis +    l - +5 dagger of Springtime {vamp, Fragile rPois Will+ rCorr}
rCold   . . .      Faith    .    (no shield)
rNeg    . . .      Spirit   .    c - +0 robe
rPois   +          Reflect  .    (helmet unavailable)
rElec   .          Harm     .    (no cloak)
rCorr   +          Rampage  .    (no gloves)
Will    +....                    (no boots)
Stlth   +                        (no amulet)
HPRegen 0.24/turn                (no ring)
MPRegen 0.09/turn                (no ring)

@: no status effects
A: permanent stasis, dig shafts and tunnels, antennae 3, four strong arms
a: Dig, Shaft Self


You were on level 3 of the Dungeon.
You visited 1 branch of the dungeon, and saw 3 of its levels.

You collected 113 gold pieces.

Inventory:

Hand Weapons
 a - a +1 sling
 l - the +5 dagger of Springtime (weapon) {vamp, Fragile rPois Will+ rCorr}
   (You found it on level 2 of the Dungeon)

   It occasionally heals its wielder for a portion of the damage dealt when it
   wounds a living foe.
   rPois:     It protects you from poison.
   rCorr:     It protects you from acid and corrosion.
   Fragile:   It will be destroyed if unequipped.
   Will:      It increases your willpower.
Missiles
 g - 5 curare-tipped darts
Armour
 c - a +0 robe (worn)
Jewellery
 i - a ring of ice
Scrolls
 b - a scroll of poison
 d - a scroll of immolation {unknown}
 f - a scroll of torment {unknown}
 m - a scroll of amnesia {unknown}
 n - a scroll of teleportation {unknown}
Potions
 e - a potion of might {unknown}
 h - 2 potions of curing {unknown}
 j - a potion of brilliance {unknown}
 k - a potion of attraction {unknown}
 o - a potion of degeneration {unknown}


   Skills:
 + Level 1.5 Fighting
 * Level 2.7 Ranged Weapons
 - Level 1.7 Dodging
 + Level 1.5 Spellcasting
 * Level 4.2 Hexes
 + Level 0.7 Fire Magic


You had one spell level left.
You knew the following spells:

 Your Spells              Type           Power      Damage    Failure   Level
a - Slow                  Hex            48%        N/A       4%          1
b - Inner Flame           Hex/Fire       8%         N/A       26%         3

Your spell library contained the following spells:

 Spells                   Type           Power      Damage    Failure   Level
 Ensorcelled Hibernation  Hex/Ice        14%        N/A       16%         2
 Portal Projectile        Hex/Tloc       14%        N/A       30%         3
 Passwall                 Tmut/Erth      0%         N/A       36%         2
 Cause Fear               Hex            6%         N/A       41%         4
 Swiftness                Air            Unusable   N/A       N/A         3

Dungeon Overview and Level Annotations

Branches:
Dungeon (3/15)

Altars:

Annotations:
D:3 Natasha


Innate Abilities, Weirdness & Mutations

You cannot be hasted, slowed, berserked, paralysed or teleported.
You can dig through walls and to a lower floor.
You have a pair of large antennae on your head. (SInv)
Your four strong arms can wield two-handed weapons with a shield.


Message History

There is a stone staircase leading down here.
You climb downwards.
Natasha hisses angrily.
Found a blackened glass wand and a sedimented puce potion.
Found a stone staircase leading down.
There is a stone staircase leading up here.
Found a scroll labelled TAUQ FAPPIUKELA.
The quokka misses you.
You barely miss the quokka. The quokka closely misses you.
Natasha stares at you and mumbles some strange words.
The magic dart hits you!
You miss the quokka.
The quokka bites you but does no damage.
You completely miss Natasha. The quokka completely misses you.
Natasha claws you!
* * * LOW HITPOINT WARNING * * *
You are too injured to fight recklessly!
You hit Natasha.
Natasha is heavily wounded.
The quokka barely misses you. Natasha misses you. The quokka bites you.
* * * LOW HITPOINT WARNING * * *
You closely miss Natasha.
Natasha is heavily wounded.
Natasha barely misses you. The quokka barely misses you.
Cast which spell? (? or * to list)
Aiming: Slow (safe; 4% risk of failure)
Press: ? - help, Shift-Dir - straight line, f - Natasha
Aim: Natasha (heavily wounded, chance to affect: 46%) Natasha seems to slow down.
The quokka barely misses you. Natasha barely misses you.
You hit Natasha.
You feel better.
Natasha is severely wounded.
The quokka bites you.
* * * LOW HITPOINT WARNING * * *
You hit Natasha.
You feel better.
Natasha is almost dead.
The quokka closely misses you. Natasha casts a spell at you.
The magic dart hits you!
You die...

### ..#
########.#
.........#
.........#
...../..<#
......h@.#
......r..>.....
...........##..
.!.........#
.............
........#..##?
...........# .
...........#


You could see Natasha (slow) and a quokka.

Vanquished Creatures
  A dart slug (D:2)
  4 ball pythons
  3 bats
  5 endoplasms
  2 giant cockroaches
  2 goblins
  2 hobgoblins (D:1)
  4 jackals (D:2)
  6 kobolds
  2 quokkas (D:1)
  A rat (D:2)
32 creatures vanquished.

Notes
Turn   | Place    | Note
-------+----------+-------------------------------------------
     0 | D:1      | Bnni the Formicid Hexslinger began the quest for the Orb.
     0 | D:1      | Reached XP level 1. HP: 15/15 MP: 2/2
   226 | D:1      | Reached XP level 2. HP: 14/21 MP: 3/3
   413 | D:1      | Reached skill level 4 in Hexes
   613 | D:1      | Reached XP level 3. HP: 26/26 MP: 3/5
   617 | D:1      | Learned a level 3 spell: Inner Flame
   749 | D:2      | Identified the +5 dagger of Springtime {vamp, Fragile rPois
                  | Will+ rCorr}
   780 | D:2      | Found a faded altar of an unknown god.
  1355 | D:3      | Noticed Natasha
  1364 | D:3      | Killed from afar by Natasha

Illustrated notes

Levels and vault maps discovered:
D:1:      heliophobic_arrival_ceremonial_halls, layout_loops_ring
D:2:      layout_loops_cross, ebering_ecumenical_altar_abandoned
D:3:      layout_basic, palyth_temple_overflow_mages, uniq_crazy_yiuf_cottage,
          uniq_natasha

Skill      XL: |  1  2 |
---------------+-------+-----
Hexes          | 4 |  4.2
Fighting       | |  1.5
Ranged Weapons | |  2.7
Dodging        | |  1.7
Spellcasting   | |  1.5
Fire Magic     | |  0.7

Action                   || total
-------------------------++-------
Melee: Dagger            ||    55
       Punch             ||     1
 Fire: Sling             ||    55
 Cast: Slow              ||     1
 Stab: Sleeping          ||     2
Armor: Robe              ||    19
Dodge: Dodged            ||    55

Table legend: (Time is in decaauts)
 A = Elapsed time spent in this place.
 B = Non-inter-level travel time spent in this place.
 C = Inter-level travel time spent in this place.
 D = Time resting spent in this place.
 E = Time spent auto-exploring this place.
 F = Levels seen in this place.
 G = Mean time per level.
                   A        B        C        D        E       F      G
               +--------+--------+--------+--------+--------+-----+--------+
         Total |   1379 |   1326 |     53 |      0 |   1080 |   3 |  459.7 |
       Dungeon |   1379 |   1326 |     53 |      0 |   1080 |   3 |  459.7 |
               +--------+--------+--------+--------+--------+-----+--------+

Top non-repeatable levels by time:
     D:1: 756 daAuts
     D:2: 613 daAuts
     D:3: 8 daAuts
